 Dungeon Crawl Stone Soup version 0.31-a0-799-g6bc09d010c (webtiles) character file.

Game seed: 15042219922003824760

21328 Maratek the Covert (level 12, -2/92 HPs)
             Began as an Octopode Fighter on Sept 19, 2023.
             Was a High Priest of Okawaru.
             Slain by a reaper
             ... wielding a +1 scythe of freezing
              (11 damage)
             ... in an ice cave.
             The game lasted 00:30:49 (14658 turns).

Maratek the Covert (Octopode Fighter)              Turns: 14658, Time: 00:30:51

Health: -2/92      AC:  9    Str: 23    XL:     12   Next: 88%
Magic:  12/13      EV: 18    Int: 16    God:    Okawaru [*****.]
Gold:   899        SH: 17    Dex: 12    Spells: 11/11 levels left

rFire   . . .        m - +7 hammer of Yfu Agg {drain, rN++ Will++ Str+3}
rCold   . . .        B - +0 kite shield
rNeg    + + .        (helmet restricted)
rPois   .            o - amulet of reflection
rElec   .            l - +4 ring of protection
rCorr   .            c - +4 ring of protection
SInv    .            b - +6 ring of intelligence
Will    ++...        (no ring)
Stlth   ++++++++     (no ring)
HPRegen 0.35/turn    (no ring)
MPRegen 0.13/turn    (no ring)
                     (no ring)

%: reflection
@: heroic
A: almost no armour, amphibious, 8 rings, camouflage 1, gelatinous body 1,
(nimble swimmer 1), tentacles, beak, robust 1
a: Renounce Religion, Heroism, Finesse, Duel


You were in an ice cave.
You worshipped Okawaru.
Okawaru was extremely pleased with you.
You visited 3 branches of the dungeon, and saw 13 of its levels.
You also visited: Bailey and Ice Cave.

You collected 899 gold pieces.

Inventory:

Hand Weapons
 m - the +7 hammer of Yfu Agg (weapon) {drain, rN++ Will++ Str+3}
   (You found it on level 2 of the Dungeon)

   Str+3:     It affects your strength (+3).
   rN++:      It greatly protects you from negative energy.
   Will++:    It greatly increases your willpower.
Missiles
 t - 5 throwing nets
Armour
 B - a +0 kite shield (worn)
 D - the orb "Rab Paohu" {*channel, Fly Str+5 SInv}
   (Okawaru gifted it to you on level 11 of the Dungeon)

   Str+5:     It affects your strength (+5).
   SInv:      It lets you see invisible.
   Fly:       It grants you flight.
Jewellery
 b - a +6 ring of intelligence (on tentacle)
 c - a +4 ring of protection (right tentacle)
 l - a +4 ring of protection (left tentacle)
 o - an amulet of reflection (around mantle)
Wands
 k - a wand of paralysis (3)
 p - a wand of flame (9)
 q - a wand of iceblast (14)
 u - a wand of digging (1)
 w - a wand of polymorph (5)
 y - a wand of light (11)
Scrolls
 a - 2 scrolls of poison
 e - a scroll of revelation
 f - a scroll of vulnerability
Potions
 d - 3 potions of might
 g - 2 potions of enlightenment
 h - 2 potions of brilliance {unknown}
 i - 3 potions of attraction
 j - 2 potions of magic {unknown}
 n - a potion of ambrosia {unknown}
 s - 6 potions of invisibility {unknown}
 v - a potion of resistance {unknown}
 x - a potion of cancellation {unknown}
 z - 4 potions of haste {unknown}
 A - 2 potions of mutation
 C - a potion of curing


   Skills:
 + Level 8.7(13.7) Fighting
 + Level 3.9(13.6) Axes
 + Level 11.8(17.1) Maces & Flails
 + Level 8.7(13.7) Dodging
 + Level 12.7(17.7) Stealth
 + Level 9.3(14.3) Shields
 + Level 1.8 Invocations
 + Level 2.4 Evocations


You had 11 spell levels left.
You didn't know any spells.
Your spell library contained the following spells:

 Spells                   Type           Power      Damage    Failure   Level
 Sandblast                Erth           0%         2d4       36%         1
 Cigotuvi's Dreadful Rot  Necr/Pois/Air  0%         N/A       50%         2
 Lesser Beckoning         Tloc           0%         N/A       50%         2
 Passwall                 Tmut/Erth      0%         N/A       50%         2
 Dazzling Flash           Conj/Hex       0%         N/A       75%         3
 Gell's Gravitas          Tloc           0%         N/A       75%         3
 Stone Arrow              Conj/Erth      0%         3d7       75%         3
 Teleport Other           Tloc           0%         N/A       75%         3
 Volatile Blastmotes      Fire/Tloc      0%         2d10      75%         3
 Brom's Barrelling Bould  Conj/Erth      0%         2d3       98%         4
 Dispel Undead            Necr           0%         3d6       98%         4
 Leda's Liquefaction      Hex/Erth       0%         N/A       98%         4
 Lee's Rapid Deconstruct  Erth           0%         3d4*      100%        5
 Leda's Unmaking          Conj/Erth      0%         9d1       100%        6
 Starburst                Conj/Fire      0%         6d3       100%        6
 Lehudib's Crystal Spear  Conj/Erth      0%         10d2      100%        8
 Maxwell's Capacitive Co  Air            0%         ∞         100%        8
 Animate Armour           Summ/Erth      Unusable   N/A       N/A         4
 Animate Dead             Necr           Unusable   N/A       N/A         4
 Death Channel            Necr           Unusable   N/A       N/A         6
 Haunt                    Necr/Summ      Unusable   N/A       N/A         7
 Infestation              Necr           Unusable   N/A       N/A         8

Dungeon Overview and Level Annotations

Branches:
Dungeon (11/15)            Temple (1/1) D:4            Lair (1/5) D:8
    Orc (0/2) D:11         Bailey (visited)           IceCv (1/1)

Altars:
Ashenzari
Cheibriados
Dithmenos
Elyvilon
Fedhas
Gozag
Hepliaklqana
Kikubaaqudgha
Makhleb
Nemelex Xobeh
Okawaru
Qazlal
Ru
Sif Muna
Trog
Uskayaw
Vehumet
Wu Jian
Xom
Yredelemnul
Zin
The Shining One

Shops:
D:9 (   D:11 [

Annotations:
D:2 1 runed translucent door, Crazy Yiuf
Temple 2 transporters IceCv exclusion: 2 ice statues


Innate Abilities, Weirdness & Mutations

You cannot wear most types of armour.
You are amphibious.
You can wear up to eight rings at the same time.
Your skin changes colour to match your surroundings (Stealth+).
Your rubbery body absorbs attacks. (AC +1, EV +1)
((You are camouflaged when in or above water. (Stealth+)))
You have tentacles for arms and can constrict up to eight enemies at once.
You have a beak for a mouth.
You are robust. (+10% HP)


Message History

You open the door. You open the door.
A reaper comes into view. It is wielding a +1 scythe of freezing.
You block the reaper's attack.
Found five items.
You gain the combat prowess of a mighty hero.
The reaper hits you from afar with a +1 scythe of freezing!
The reaper freezes you.
You fail to use your ability.
You block the reaper's attack. The reaper closely misses you.
There is an open door here.
You hit the reaper. Your grab misses the reaper.
Your squeeze misses the reaper.
The reaper is lightly wounded.
You block the reaper's attack.
You hit the reaper but do no damage. Your grab misses the reaper.
Your peck misses the reaper. Your squeeze misses the reaper.
The reaper is lightly wounded.
You block the reaper's attack.
You barely miss the reaper. You grab the reaper.
The reaper is lightly wounded.
You constrict the reaper, but do no damage.
You hit the reaper but do no damage.
Your tentacle-slap misses the reaper.
You squeeze the reaper.
The reaper is lightly wounded.
You constrict the reaper.
The reaper hits you with a +1 scythe of freezing!!
The reaper freezes you.
You sock the reaper! You peck the reaper, but do no damage.
You squeeze the reaper.
The reaper is moderately wounded.
You constrict the reaper, but do no damage.
You block the reaper's attack.
You sock the reaper! You peck the reaper.
The reaper is heavily wounded.
You constrict the reaper.
The reaper hits you with a +1 scythe of freezing!!!
* * * LOW HITPOINT WARNING * * *
The reaper freezes you!
You die...

#.8...8.# #.#
+.......+ #.#
+######'######'#
...............#
###8.#####.8####
## #!.[#.##
#.⌠.#.# #(2:#.#
#.##@##.#
#.......#
####⌠#### ###


You could see a reaper.

Vanquished Creatures
  Josephine (D:10)
  Erolcha (D:10)
  4 boulder beetles
  Harold (D:11)
  2 two-headed ogres
  A tengu warrior (D:10)
  An orc knight (Bailey)
  A cyclops (D:11)
  Joseph (D:7)
  2 gargoyles
  A kobold demonologist (D:11)
  Psyche (D:9)
  Jeremiah (D:7)
  2 rime drakes (Lair:1)
  3 ice devils (IceCv)
  4 trolls
  A meliai (D:10)
  Grinder (D:6)
  2 shadows (D:11)
  Sigmund (D:3)
  4 wraiths (D:10)
  20 yaks
  A basilisk (D:11)
  A wyvern (D:10)
  Grum (D:8)
  A death yak simulacrum (IceCv)
  2 water moccasins
  Duvessa (D:7)
  A black bear (D:5)
  8 orc warriors
  3 ice beasts
  3 sky beasts
  3 wolves (D:8)
  3 centaurs
  6 ogres
  A phantom (D:5)
  4 kobold brigands
  8 bullfrogs
  4 scorpions
  3 gnoll sergeants
  A two-headed ogre simulacrum (IceCv)
  11 wights
  Dowan (D:7)
  3 killer bees (D:9)
  A howler monkey (D:11)
  A lava snake (D:7)
  5 hounds
  A jelly (D:6)
  A gnoll bouda (D:6)
  4 orc priests
  3 sleepcaps
  3 iguanas
  Ijyb (D:3)
  8 orc wizards
  A wolf simulacrum (IceCv)
  A spriggan simulacrum (IceCv)
  25 gnolls
  5 adders
  2 white imps
  2 ufetubi (D:5)
  3 dart slugs
  38 orcs
  15 ball pythons
  7 endoplasms
  2 giant cockroaches (D:1)
  10 goblins
  4 hobgoblins
  4 jackals
  10 quokkas
  2 bats
  4 frilled lizards
  17 kobolds
  3 rats
309 creatures vanquished.

Notes
Turn   | Place    | Note
-------+----------+-------------------------------------------
     0 | D:1      | Maratek the Octopode Fighter began the quest for the Orb.
     0 | D:1      | Reached XP level 1. HP: 16/16 MP: 1/1
   169 | D:1      | Reached XP level 2. HP: 15/21 MP: 2/2
   275 | D:1      | Found a faded altar of an unknown god.
   530 | D:1      | Reached XP level 3. HP: 25/26 MP: 3/3
   635 | D:1      | Reached skill level 1 in Stealth
  1230 | D:2      | Identified the +7 hammer of Yfu Agg {drain, rN++ Will++
                  | Str+3}
  1235 | D:2      | Found a runed translucent door.
  1250 | D:2      | Noticed Crazy Yiuf
  1331 | D:2      | Reached XP level 4. HP: 31/31 MP: 4/4
  1584 | D:3      | Found a white marble altar of Elyvilon.
  1584 | D:3      | Found a blossoming altar of Fedhas.
  1664 | D:3      | Noticed Sigmund
  1674 | D:3      | Killed Sigmund
  1675 | D:3      | Reached skill level 1 in Maces & Flails
  1675 | D:3      | Reached skill level 3 in Stealth
  1675 | D:3      | Reached XP level 5. HP: 34/36 MP: 5/5
  1715 | D:3      | Reached XP level 6. HP: 35/42 MP: 6/6
  1807 | D:3      | Noticed Ijyb
  1815 | D:3      | Killed Ijyb
  2238 | D:4      | Found a staircase to the Ecumenical Temple.
  2246 | Temple   | Found a transporter.
  2246 | Temple   | Found a transporter.
  2246 | Temple   | Found a transporter.
  2246 | Temple   | Found a transporter.
  2246 | Temple   | Entered the Ecumenical Temple
  2290 | Temple   | Became a worshipper of Warmaster Okawaru
  2334 | D:4      | Reached skill level 4 in Stealth
  2761 | D:4      | Reached XP level 7. HP: 47/47 MP: 7/7
  3088 | D:4      | Reached skill level 5 in Stealth
  3089 | D:4      | Reached * piety under Okawaru
  3225 | D:5      | Entered Level 5 of the Dungeon
  3435 | D:5      | Reached skill level 6 in Stealth
  3623 | D:5      | Reached XP level 8. HP: 54/54 MP: 8/8
  3645 | D:5      | Reached skill level 7 in Stealth
  3864 | D:5      | Reached ** piety under Okawaru
  3867 | D:5      | Reached skill level 5 in Maces & Flails
  4790 | D:6      | Noticed Grinder
  4798 | D:6      | Reached skill level 8 in Stealth
  4798 | D:6      | Reached XP level 9. HP: 46/60 MP: 9/9
  4805 | D:6      | Paralysed by Grinder for 2 turns
  4832 | D:6      | Reached skill level 5 in Fighting
  4838 | D:6      | Killed Grinder
  4839 | D:6      | Reached skill level 5 in Dodging
  5263 | D:7      | Reached *** piety under Okawaru
  5265 | D:7      | Noticed Dowan
  5266 | D:7      | Noticed Duvessa
  5274 | D:7      | Killed Duvessa
  5277 | D:7      | Killed Dowan
  5501 | D:7      | Noticed Jeremiah
  5510 | D:7      | Killed Jeremiah
  5511 | D:7      | Reached skill level 5 in Shields
  5970 | D:7      | Reached XP level 10. HP: 57/68 MP: 10/10
  5979 | D:7      | Reached skill level 9 in Stealth
  5979 | D:7      | Reached **** piety under Okawaru
  6379 | D:7      | Noticed a boulder beetle
  6450 | D:7      | Killed a boulder beetle
  6451 | D:7      | Reached skill level 1 in Evocations
  6877 | D:7      | Noticed Joseph
  6889 | D:7      | Killed Joseph
  6889 | D:7      | Reached ***** piety under Okawaru
  7097 | D:7      | Gained mutation: Your magical capacity is low. (-10% MP)
                  | [potion of mutation]
  7097 | D:7      | Gained mutation: Your mind is acute. (Int +4, Str/Dex -1)
                  | [potion of mutation]
  7097 | D:7      | Gained mutation: You are partially covered in iridescent
                  | scales. (AC +2) [potion of mutation]
  7205 | D:8      | Reached skill level 10 in Stealth
  7300 | D:8      | Found a staircase to the Lair.
  7383 | D:8      | Found a flagged portal.
  7385 | D:8      | Noticed a two-headed ogre
  7402 | D:8      | Killed a two-headed ogre
  7520 | Bailey   | Entered a bailey
  7584 | Bailey   | Reached XP level 11. HP: 75/75 MP: 9/9
  7641 | Bailey   | Noticed an orc knight
  7653 | Bailey   | Killed an orc knight
  7653 | Bailey   | Received a gift from Okawaru
  7747 | Bailey   | Lost mutation: Your magical capacity is low. (-10% MP)
                  | [potion of mutation]
  7747 | Bailey   | Lost mutation: Your mind is acute. (Int +4, Str/Dex -1)
                  | [potion of mutation]
  7747 | Bailey   | Gained mutation: You passively dampen the noise of your
                  | surroundings. [potion of mutation]
  7747 | Bailey   | Gained mutation: Your mind is acute. (Int +4, Str/Dex -1)
                  | [potion of mutation]
  7748 | Bailey   | Lost mutation: You are partially covered in iridescent
                  | scales. (AC +2) [potion of mutation]
  7748 | Bailey   | Lost mutation: Your mind is acute. (Int +4, Str/Dex -1)
                  | [potion of mutation]
  7748 | Bailey   | Lost mutation: You passively dampen the noise of your
                  | surroundings. [potion of mutation]
  7748 | Bailey   | Gained mutation: You have a beak for a mouth. [potion of
                  | mutation]
  7748 | Bailey   | Gained mutation: You are robust. (+10% HP) [potion of
                  | mutation]
  7944 | D:8      | Noticed Grum
  7964 | D:8      | Killed Grum
  8251 | D:8      | Reached skill level 1 in Invocations
  8378 | D:8      | Reached skill level 11 in Stealth
  9168 | D:9      | Reached skill level 10 in Maces & Flails
  9197 | D:9      | Found a sacrificial altar of Ru.
  9304 | D:9      | Noticed Psyche
  9310 | D:9      | Killed Psyche
  9775 | D:9      | Found Akhlya's Weapon Emporium.
  9973 | D:10     | Entered Level 10 of the Dungeon
 10020 | D:10     | Noticed Josephine
 10030 | D:10     | Killed Josephine
 10054 | D:10     | Received a gift from Okawaru
 11061 | D:11     | Noticed a boulder beetle
 11087 | D:11     | Killed a boulder beetle
 11677 | D:10     | Noticed a tengu warrior
 11680 | D:10     | Noticed a boulder beetle
 11688 | D:10     | Killed a tengu warrior
 11689 | D:10     | Reached XP level 12. HP: 29/90 MP: 12/12
 11701 | D:10     | Killed a boulder beetle
 12123 | D:10     | Noticed Erolcha
 12134 | D:10     | Killed Erolcha
 12134 | D:10     | Received a gift from Okawaru
 12135 | D:10     | Reached skill level 12 in Stealth
 12683 | D:11     | Noticed a boulder beetle
 12701 | D:11     | Killed a boulder beetle
 12900 | D:11     | Noticed Harold
 12910 | D:11     | Killed Harold
 12961 | D:11     | Noticed a two-headed ogre
 12968 | D:11     | Killed a two-headed ogre
 13086 | D:11     | Found a staircase to the Orcish Mines.
 13103 | D:11     | Identified the orb "Rab Paohu" {*channel, Fly Str+5 SInv}
                  | (Okawaru gifted it to you on level 11 of the Dungeon)
 13103 | D:11     | Received a gift from Okawaru
 13594 | D:11     | Found Etiusaz's Armour Shop.
 14127 | Lair:1   | Entered Level 1 of the Lair of Beasts
 14270 | Lair:1   | Found a frozen archway.
 14288 | IceCv    | Entered an ice cave
 14649 | IceCv    | Noticed a reaper
 14658 | IceCv    | Slain by a reaper

Illustrated notes

Levels and vault maps discovered:
D:1:      minmay_arrival_diagonal_passages, layout_loops_cross,
          hellmonk_ecumenical_altar_zigzags, minmay_tall_x
D:2:      layout_rooms, uniq_crazy_yiuf_cottage
D:3:      layout_rooms, chequers_temple_overflow_statue_of_worship, uniq_ijyb,
          uniq_sigmund
D:4:      layout_basic, temple_green, kennysheep_flooded_box
D:5:      minmay_razor_zed, layout_basic
D:6:      layout_loops_cross, uniq_grinder
D:7:      layout_cave_pools, kennysheep_small_spiral, minmay_starry_boxes,
          uniq_jeremiah, uniq_duvessa, uniq_joseph
D:8:      layout_loops_ring, lair_entry_dummy, serial_co_window_serial,
          co_window_paths_b, co_window_corner_a, co_window_paths_a,
          co_window_cross_1, co_window_corner_a, co_window_unsneaky_path_e,
          co_window_unsneaky_path_d, co_window_unsneaky_path_a,
          co_window_of_opportunity_c, co_window_broadway_a, glass_columns_a,
          enter_bailey_5, uniq_grum
D:9:      layout_small_grid, mainiacjoe_overflow_paths, serial_shops,
          nicolae_shop_bloodbath_and_beyond, minmay_misc_feat_plants,
          uniq_psyche
D:10:     minmay_cornered_nines, layout_layer_cave, uniq_erolcha, uniq_josephine
D:11:     minmay_inner_zag, layout_gridville,
          kennysheep_orc_monster_closet_entryway, serial_shops, shop,
          item_on_display_a, uniq_harold
Temple:   hellmonk_temple_divided_pantheon
Lair:1:   layout_layer_cave, portal_ice_cave_rime,
          lightli_volcano_entry_magma_tube
IceCv:    ice_cave_tombish

Skill      XL: |  1  2  3  4  5  6  7  8  9 10 11 12 |
---------------+-------------------------------------+-----
Stealth        | 1 3 4 6 8 10 11 12 | 12.7
Axes           | 3 |  3.9
Maces & Flails | 1 2 4 6 8 9 10 11 | 11.8
Fighting       | 4 5 7 8 |  8.7
Dodging        | 4 5 6 7 8 |  8.7
Shields        | 4 5 6 8 9 |  9.3
Evocations     | 1 2 |  2.4
Invocations    | 1 |  1.8

Action                     |  1- 3 |  4- 6 |  7- 9 | 10-12 || total
---------------------------+-------+-------+-------+-------++-------
  Melee: War axe           |    68 |       |       |       ||    68
         Constrict         |    14 |     8 |    34 |    62 ||   118
         Tentacles         |     9 |     2 |    30 |   128 ||   169
         Punch             |     2 |       |     1 |    11 ||    14
         Mace              |     1 |    47 |   171 |   521 ||   740
         Peck              |       |       |       |   102 ||   102
 Invoke: Heroism           |       |       |     1 |     3 ||     4
         Finesse           |       |       |       |     2 ||     2
  Evoke: Wand              |       |       |     4 |    12 ||    16
    Use: Scroll            |       |       |    14 |    11 ||    25
         Potion            |       |       |     4 |    12 ||    16
   Stab: Sleeping          |     7 |    13 |    13 |    32 ||    65
         Distracted        |       |       |       |     1 ||     1
 Armour: Skin              |    25 |     9 |    88 |   208 ||   330
  Dodge: Dodged            |    48 |    14 |   104 |   241 ||   407
  Block: Buckler           |    12 |    18 |    88 |    89 ||   207
         Reflection        |       |     1 |     1 |     7 ||     9
         Kite shield       |       |       |       |   235 ||   235

Table legend: (Time is in decaauts)
 A = Elapsed time spent in this place.
 B = Non-inter-level travel time spent in this place.
 C = Inter-level travel time spent in this place.
 D = Time resting spent in this place.
 E = Time spent auto-exploring this place.
 F = Levels seen in this place.
 G = Mean time per level.
                   A        B        C        D        E       F      G
               +--------+--------+--------+--------+--------+-----+--------+
         Total |  14714 |  13828 |    886 |   3125 |   8274 |  15 |  980.9 |
       Dungeon |  13745 |  12859 |    886 |   2983 |   7834 |  11 | 1249.5 |
        Temple |     70 |     70 |      0 |      0 |      0 |   1 |   70.0 |
          Lair |    160 |    160 |      0 |      0 |    139 |   1 |  160.0 |
        Bailey |    372 |    372 |      0 |      0 |    250 |   1 |  372.0 |
      Ice Cave |    365 |    365 |      0 |    142 |     51 |   1 |  365.0 |
               +--------+--------+--------+--------+--------+-----+--------+

Top non-repeatable levels by time:
    D:10: 2172 daAuts
     D:7: 1844 daAuts
    D:11: 1800 daAuts
     D:8: 1746 daAuts
     D:5: 1277 daAuts
     D:4: 1048 daAuts
     D:9: 933 daAuts
     D:1: 859 daAuts
     D:6: 770 daAuts
     D:2: 716 daAuts
     D:3: 576 daAuts
  Bailey: 372 daAuts
   IceCv: 365 daAuts
  Lair:1: 160 daAuts
  Temple: 70 daAuts
